 Dungeon Crawl Stone Soup version 0.29-a0-994-gc5c9f59d18 (webtiles) character file.

Game seed: 15974325753453381966

134 wingedge the Grasshopper (level 5, -6/43 HPs)
             Began as a Gnoll Warper on Aug 3, 2022.
             Mangled by an orc
             ... wielding a +1 mace of protection
              (8 damage)
             ... on level 3 of the Dungeon.
             The game lasted 00:19:13 (2564 turns).

wingedge the Grasshopper (Gnoll Warper)             Turns: 2564, Time: 00:19:14

Health: -6/43      AC:  5    Str: 12    XL:     5   Next: 17%
Magic:  12/12      EV: 11    Int: 12    God:
Gold:   97         SH:  0    Dex: 12    Spells: 12/14 levels left

rFire   + . .      SeeInvis +   a - +0 hand axe (elec)
rCold   + . .      Faith    .   (no shield)
rNeg    . . .      Spirit   .   g - +0 ring mail
rPois   +          Reflect  .   (no helmet)
rElec   +          Harm     .   (no cloak)
rCorr   +          Rampage  .   (no gloves)
Will    .....                   (no boots)
Stlth   +.........              (no amulet)
HPRegen 0.14/turn               k - ring of see invisible
MPRegen 0.13/turn               (no ring)

@: resistant, hasted, very quick
A: fangs 1, strong nose, distributed training
a: no special abilities


You were on level 3 of the Dungeon.
You visited 1 branch of the dungeon, and saw 3 of its levels.

You collected 97 gold pieces.

Inventory:

Hand Weapons
 a - a +0 hand axe of electrocution (weapon)
 j - a +2 vampiric whip
Armour
 b - a +0 leather armour
 g - a +0 ring mail (worn)
 h - a +0 scale mail
Jewellery
 k - a ring of see invisible (left hand)
Scrolls
 m - a scroll of enchant armour {unknown}


   Skills:
 + Level 4.7 Fighting
 + Level 1.4 Short Blades
 + Level 1.4 Long Blades
 + Level 4.7 Axes
 + Level 1.4 Maces & Flails
 + Level 1.4 Polearms
 + Level 1.4 Staves
 + Level 1.4 Ranged Weapons
 + Level 2.9 Throwing
 + Level 2.9 Armour
 + Level 4.7 Dodging
 + Level 1.4 Stealth
 + Level 1.4 Shields
 + Level 1.4 Unarmed Combat
 + Level 5.2 Spellcasting
 + Level 1.1 Conjurations
 + Level 1.1 Hexes
 + Level 1.1 Summonings
 + Level 1.1 Necromancy
 + Level 5.5 Translocations
 + Level 1.1 Transmutations
 + Level 1.1 Fire Magic
 + Level 1.1 Ice Magic
 + Level 1.1 Air Magic
 + Level 1.1 Earth Magic
 + Level 1.1 Poison Magic
 + Level 1.6 Invocations
 + Level 1.4 Evocations


You had 12 spell levels left.
You knew the following spells:

 Your Spells              Type           Power      Damage    Failure   Level
a - Blink                 Tloc           32%        N/A       7%          2

Your spell library contained the following spells:

 Spells                   Type           Power      Damage    Failure   Level
 Gell's Gravitas          Tloc           16%        N/A       13%         3
 Lesser Beckoning         Tloc           16%        N/A       13%         3
 Teleport Other           Tloc           16%        N/A       13%         3
 Manifold Assault         Tloc           16%        N/A       77%         5


Dungeon Overview and Level Annotations

Branches:
Dungeon (3/15)

Altars:

Shops:
D:2 *

Annotations:
D:1 Terence
D:3 Jessica


Innate Abilities, Weirdness & Mutations

You have very sharp teeth.
Your uncanny sense of smell can sniff out nearby items.
Your experience applies equally to all skills.


Message History

The orc priest hits you with a +0 flail.
The orc hits you with a +1 mace of protection.
You hit the orc priest. Your punch misses the orc priest.
The orc priest is almost dead.
You barely miss the orc.
The orc hits you with a +1 mace of protection.
The orc priest hits you with a +0 flail!
* * * LOW HITPOINT WARNING * * *
Okay, then.
You slash the orc priest!
You kill the orc priest!
You hit the orc.
You have reached level 5!
You hit the orc but do no damage.
The orc is lightly wounded.
The orc hits you but does no damage.
You hit the orc.
The orc is moderately wounded.
The orc hits you with a +1 mace of protection.
* * * LOW HITPOINT WARNING * * *
Press: ? - help, v - describe, . - travel, g - get item
Here: an orc, wielding a +1 mace of protection, wearing a +0 chain mail and quivering boomerangs (moderately wounded)
Items here: a +0 flail; an orc corpse.
The floor.
It was a potion of resistance.
You feel protected.
As you read the scroll labelled HEZOGA ZOETYD, it crumbles to dust.
It is a scroll of brand weapon.
Your +0 hand axe crackles with electricity.
a - a +0 hand axe of electrocution (weapon)
The orc hits you but does no damage.
You hit the orc but do no damage. You bite the orc, but do no damage.
The orc is moderately wounded.
The orc hits you but does no damage.
You barely miss the orc. You bite the orc, but do no damage.
The orc is moderately wounded.
You hit the orc but do no damage.
The orc is moderately wounded.
The orc hits you with a +1 mace of protection!
You die...

..###..# ... #### #......#
..# ..... #......#...#
......##......#...#
.@....+........... ∆
......##.).)..###############
#...# ##.......)o...†<.......
#.. ........o)##....#########
# ......)...@##....#
.....:.......#o...#
.............#....#
..####+##....#....# ..
.....#....# ##....#....#
###+##....# +....# #.....


You could see an orc.

Vanquished Creatures
  An orc priest (D:3)
  An adder (D:3)
  A gnoll (D:1)
  3 worms (D:2)
  5 dart slugs (D:1)
  6 orcs (D:3)
  2 ball pythons (D:1)
  7 endoplasms
  2 giant cockroaches (D:1)
  2 goblins (D:2)
  3 hobgoblins
  2 jackals (D:2)
  7 kobolds
  5 quokkas
  6 bats
  3 rats (D:1)
56 creatures vanquished.

Notes
Turn   | Place    | Note
-------+----------+-------------------------------------------
     0 | D:1      | wingedge the Gnoll Warper began the quest for the Orb.
     0 | D:1      | Reached XP level 1. HP: 20/20 MP: 6/6
     0 | D:1      | Noticed an elf
     0 | D:1      | Noticed a tengu
     3 | D:1      | Noticed a formicid
     3 | D:1      | Noticed an octopode
     7 | D:1      | Noticed a naga
     8 | D:1      | Noticed a formicid
    10 | D:1      | Noticed a dwarf
    10 | D:1      | Noticed a felid
    12 | D:1      | Noticed an octopode
    14 | D:1      | Noticed a demigod
    16 | D:1      | Noticed a ghoul
    16 | D:1      | Noticed an ogre
    18 | D:1      | Noticed a demonspawn
    20 | D:1      | Noticed an elf
   126 | D:1      | Found a faded altar of an unknown god.
   138 | D:1      | Reached XP level 2. HP: 26/26 MP: 7/7
   141 | D:1      | Learned a level 2 spell: Blink
   352 | D:1      | Reached skill level 5 in Spellcasting
   352 | D:1      | Reached XP level 3. HP: 27/31 MP: 7/9
   460 | D:1      | Reached skill level 1 in Invocations
   680 | D:1      | Reached skill level 1 in Short Blades
   680 | D:1      | Reached skill level 1 in Long Blades
   680 | D:1      | Reached skill level 1 in Maces & Flails
   680 | D:1      | Reached skill level 1 in Polearms
   680 | D:1      | Reached skill level 1 in Staves
   680 | D:1      | Reached skill level 1 in Ranged Weapons
   680 | D:1      | Reached skill level 1 in Stealth
   680 | D:1      | Reached skill level 1 in Shields
   680 | D:1      | Reached skill level 1 in Unarmed Combat
   680 | D:1      | Reached skill level 1 in Evocations
   987 | D:2      | Noticed Terence
  1241 | D:2      | Reached XP level 4. HP: 35/38 MP: 11/11
  1794 | D:2      | Found Gynuraes's Assorted Antiques.
  1996 | D:2      | Reached skill level 1 in Conjurations
  1996 | D:2      | Reached skill level 1 in Hexes
  1996 | D:2      | Reached skill level 1 in Summonings
  1996 | D:2      | Reached skill level 1 in Necromancy
  1996 | D:2      | Reached skill level 1 in Transmutations
  1996 | D:2      | Reached skill level 1 in Fire Magic
  1996 | D:2      | Reached skill level 1 in Ice Magic
  1996 | D:2      | Reached skill level 1 in Air Magic
  1996 | D:2      | Reached skill level 1 in Earth Magic
  1996 | D:2      | Reached skill level 1 in Poison Magic
  2434 | D:3      | Noticed Jessica
  2558 | D:3      | Reached XP level 5. HP: 6/43 MP: 12/12
  2559 | D:3      | HP: 1/43 [orc/+1 mace of protection (5)]
  2564 | D:3      | Mangled by an orc

Illustrated notes

Levels and vault maps discovered:
D:1:      shiori_arrival_whats_in_store_for_you, layout_rooms,
          hellmonk_ecumenical_altar_leap_of_faith, minmay_tromino_v4_c
D:2:      layout_loops_ring, serial_rivers, chequers_serial_rivers_room_b,
          chequers_serial_rivers_room_a, chequers_serial_rivers_large_b,
          chequers_serial_rivers_small_a, chequers_serial_rivers_small_b,
          serial_shops, shop, uniq_terence
D:3:      layout_basic, uniq_jessica

Skill      XL: |  1  2  3  4 |
---------------+-------------+-----
Spellcasting   | 5 |  5.2
Invocations    | 1 |  1.6
Short Blades   | 1 |  1.4
Long Blades    | 1 |  1.4
Maces & Flails | 1 |  1.4
Polearms       | 1 |  1.4
Staves         | 1 |  1.4
Ranged Weapons | 1 |  1.4
Stealth        | 1 |  1.4
Shields        | 1 |  1.4
Unarmed Combat | 1 |  1.4
Evocations     | 1 |  1.4
Conjurations   | 1 |  1.1
Hexes          | 1 |  1.1
Summonings     | 1 |  1.1
Necromancy     | 1 |  1.1
Transmutations | 1 |  1.1
Fire Magic     | 1 |  1.1
Ice Magic      | 1 |  1.1
Air Magic      | 1 |  1.1
Earth Magic    | 1 |  1.1
Poison Magic   | 1 |  1.1
Fighting       | |  4.7
Axes           | |  4.7
Throwing       | |  2.9
Armour         | |  2.9
Dodging        | |  4.7
Translocations | |  5.5

Action                   |  1- 3 |  4- 6 || total
-------------------------+-------+-------++-------
Melee: Hand axe          |   131 |   114 ||   245
       Bite              |    19 |    18 ||    37
       Punch             |     2 |     2 ||     4
Throw: Dart              |     4 |     3 ||     7
       Boomerang         |     3 |     4 ||     7
 Cast: Blink             |     1 |     3 ||     4
  Use: Scroll            |     1 |     1 ||     2
       Potion            |       |     4 ||     4
Armor: Leather armour    |    13 |       ||    13
       Ring mail         |    26 |    27 ||    53
Dodge: Dodged            |    79 |    55 ||   134

Table legend: (Time is in decaauts)
 A = Elapsed time spent in this place.
 B = Non-inter-level travel time spent in this place.
 C = Inter-level travel time spent in this place.
 D = Time resting spent in this place.
 E = Time spent auto-exploring this place.
 F = Levels seen in this place.
 G = Mean time per level.
                   A        B        C        D        E       F      G
               +--------+--------+--------+--------+--------+-----+--------+
         Total |   2605 |   2449 |    156 |   1085 |     85 |   3 |  868.3 |
       Dungeon |   2605 |   2449 |    156 |   1085 |     85 |   3 |  868.3 |
               +--------+--------+--------+--------+--------+-----+--------+

Top non-repeatable levels by time:
     D:2: 1382 daAuts
     D:1: 869 daAuts
     D:3: 353 daAuts
